 Dungeon Crawl Stone Soup version 0.21-a0-442-g848f44b (webtiles) character file.

1306 4thArraOfDagon the Slinger (level 8, -5/49 HPs)
             Began as a Halfling Hunter on Nov 16, 2017.
             Was an Initiate of Kikubaaqudgha.
             Splashed by a jelly's acid (10 damage)
             ... on level 5 of the Dungeon.
             The game lasted 00:10:08 (1997 turns).

4thArraOfDagon the Slinger (Halfling Hunter)        Turns: 1997, Time: 00:10:09

Health: -5/49      AC: -6    Str: 13    XL:     8   Next: 88%
Magic:  8/8        EV: 12    Int: 11    God:    Kikubaaqudgha [......]
Gold:   119        SH:  0    Dex: 15    Spells: 7/7 levels left

rFire    . . .     SeeInvis .   a - +1 hunting sling
rCold    . . .     Gourm    .   (shield restricted)
rNeg     . . .     Faith    .   h - +0 scale mail
rPois    .         Spirit   .   w - +2 helmet
rElec    .         Reflect  .   (no cloak)
rCorr    .         Harm     +   (no gloves)
MR       .....                  (no boots)
Stlth    ..........             u - amulet of harm
HPRegen  0.16/turn              r - -3 ring of protection (curse)
MPRegen  0.11/turn              D - ring of flight

@: corroded, flying, very slightly contaminated, invisible
A: mutation resistance 1, subdued magic 1
a: Renounce Religion


You were on level 5 of the Dungeon.
You worshipped Kikubaaqudgha.
Kikubaaqudgha was noncommittal.
You were not hungry.

You visited 1 branch of the dungeon, and saw 6 of its levels.

You collected 119 gold pieces.

Inventory:

Hand Weapons
 a - a +1 hunting sling (weapon)
 b - a +0 short sword
 v - a +0 long sword
 y - a +0 spear of venom
Missiles
 j - 77 stones (quivered)
Armour
 c - a +0 leather armour
 h - a +0 scale mail (worn)
 w - a +2 helmet (worn)
Jewellery
 r - a cursed -3 ring of protection (left hand)
 u - an amulet of harm (around neck)
 D - a ring of flight (right hand)
Scrolls
 g - a scroll of magic mapping {unknown}
 i - 2 scrolls of fog {unknown}
 k - 2 scrolls of teleportation {unknown}
 l - 3 scrolls of identify
 n - a scroll of enchant weapon {unknown}
 o - a scroll of amnesia
 p - a scroll of blinking {unknown}
 t - a scroll of recharging {unknown}
 C - a scroll of noise {unknown}
Books
 x - a book of Frost

   Spells                             Type                      Level
   a - Freeze                         Ice                          1
   b - Throw Frost                    Conjuration/Ice              2
   c - Ozocubu's Armour               Charms/Ice                   3
   d - Throw Icicle                   Conjuration/Ice              4
   e - Summon Ice Beast               Ice/Summoning                4
Comestibles
 f - 2 bread rations
 m - 3 fruits
 q - a royal jelly


   Skills:
 - Level 1.7 Fighting
 * Level 14.6 Slings
 - Level 2.1 Dodging
 - Level 1.1 Stealth


You had 7 spell levels left.
You didn't know any spells.

Dungeon Overview and Level Annotations

Branches:
Dungeon (6/15)
 Temple: D:4-7

Altars:
Kikubaaqudgha
Nemelex Xobeh
Okawaru
Sif Muna
Wu Jian

Shops:
D:6 (


Innate Abilities, Weirdness & Mutations

You are small and have problems with some larger weapons.
You are somewhat resistant to further mutation.
Your spells are a little easier to cast, but a little less powerful.


Message History

Unknown command.
Unknown command.
Firing (i - inventory):
j - 79 stones (quivered)
Press: ? - help, Shift-Dir - straight line, f/p - jelly
Aim: a jelly (lightly wounded)
You shoot a stone. The stone hits the jelly.
The jelly is moderately wounded.
The orc priest barely misses you.
Unknown command.
Unknown command.
Firing (i - inventory):
j - 78 stones (quivered)
Press: ? - help, Shift-Dir - straight line, f/p - jelly
Aim: a jelly (moderately wounded)
You shoot a stone. The stone hits the jelly.
The jelly is severely wounded.
The jelly hits you.
* * * LOW HITPOINT WARNING * * *
The acid corrodes you!
You are splashed with acid!
The acid burns!
You die...
Kikubaaqudgha rasps: "You have failed me!
Welcome... death!"

.. ....#####
#(..J@#
+..##o# #.# #
#o# #.# #(#
#.# #.###.###
#.##....
#.##..#
#.##.#.##..#
..J.......O>#


You could see a jelly, an orc priest and an orc.

Vanquished Creatures
  A water moccasin (D:6)
  A sky beast (D:6)
  5 ogres
  2 bullfrogs
  A scorpion (D:5)
  3 howler monkeys
  2 crimson imps (D:5)
  A hound (D:4)
  A jelly (D:6)
  An orc wizard (D:6)
  A centaur skeleton (D:6)
  An iguana (D:6)
  A worker ant (D:6)
  4 gnolls (D:5)
  3 adders (D:2)
  A howler monkey skeleton (D:6)
  A shadow imp (D:6)
  2 oozes
  A worm (D:2)
  5 leopard geckos
  11 orcs
  A bat (D:2)
  3 goblins (D:2)
  2 hobgoblins (D:2)
  8 jackals
  A kobold (D:2)
  2 quokkas
  A ball python (D:4)
  A frilled lizard (D:4)
  A leopard gecko skeleton (D:4)
  A quokka zombie (D:5)
  2 rats (D:1)
72 creatures vanquished.

Vanquished Creatures (others)
  An orc (D:5)
1 creature vanquished.

Grand Total: 73 creatures vanquished

Notes
Turn   | Place    | Note
-------+----------+-------------------------------------------
     0 | D:1      | 4thArraOfDagon the Halfling Hunter began the quest for the Orb.
     0 | D:1      | Reached XP level 1. HP: 14/14 MP: 1/1
   126 | D:2      | Reached skill level 6 in Slings
   160 | D:2      | Reached XP level 2. HP: 11/19 MP: 2/2
   242 | D:2      | Reached skill level 7 in Slings
   242 | D:2      | Reached XP level 3. HP: 7/24 MP: 3/3
   472 | D:2      | Reached XP level 4. HP: 15/29 MP: 4/4
   882 | D:4      | Reached skill level 8 in Slings
   944 | D:5      | Entered Level 5 of the Dungeon
   999 | D:5      | Reached skill level 9 in Slings
   999 | D:5      | Reached XP level 5. HP: 26/34 MP: 5/5
  1000 | D:5      | Noticed an ogre
  1037 | D:4      | Reached XP level 6. HP: 21/39 MP: 6/6
  1055 | D:4      | Reached skill level 10 in Slings
  1093 | D:4      | Noticed an ogre
  1117 | D:4      | Killed an ogre
  1146 | D:4      | magipi: hahu, yeah
  1222 | D:4      | Found a deep blue altar of Sif Muna.
  1303 | D:4      | magipi: although it will probably be a bad speedrun score with all those turns picking up ammo
  1335 | D:5      | Killed an ogre
  1335 | D:5      | Reached skill level 11 in Slings
  1335 | D:5      | Reached XP level 7. HP: 44/44 MP: 7/7
  1527 | D:5      | 4thArraOfDagon: hey
  1527 | D:5      | 4thArraOfDagon: ye, probably something decent
  1539 | D:6      | Found an iron altar of Okawaru.
  1569 | D:6      | Reached skill level 12 in Slings
  1571 | D:6      | magipi: oka is good
  1589 | D:6      | magipi: gives ammo
  1671 | D:6      | Found a sparkling altar of Nemelex Xobeh.
  1681 | D:6      | Reached XP level 8. HP: 49/49 MP: 8/8
  1710 | D:6      | Found an ornate altar of the Wu Jian Council.
  1710 | D:6      | Found an ancient bone altar of Kikubaaqudgha.
  1723 | D:6      | Reached skill level 13 in Slings
  1745 | D:6      | Gained mutation: Your spells are a little easier to cast, but a little less powerful. [mutagenic meat]
  1816 | D:6      | Became a worshipper of Kikubaaqudgha
  1825 | D:6      | Found Zuumed's Weapon Shoppe.
  1958 | D:5      | Reached skill level 14 in Slings
  1984 | D:5      | HP: 1/49 [acid (10)]
  1997 | D:5      | Splashed by a jelly's acid

Vault maps used:
D:1:      minmay_arrival_five_plusses, roderic_lattice_a
D:4:      lemuel_coloured_pillars_altar, serial_curves, eino_curves_03,
          eino_curves_02, first_bread, led_sif_pool
D:5:      kennysheep_mini_moat, minmay_temple_entry_trees,
          hangedman_abyss_or_decor_stabs, uniq_sigmund
D:6:      okawaru_ov_weapons_minmay, nicolae_overflow_crystal_walls,
          grunt_temple_overflow_open, serial_shops, shop,
          minmay_item_behind_shaft

Skill      XL: |  1  2  3  4  5  6  7  8 |
---------------+-------------------------+-----
Slings         | 6 7 9 11 12 14 | 14.6
Fighting       | |  1.7
Dodging        | |  2.1
Stealth        | |  1.1

Action                   |  1- 3 |  4- 6 |  7- 9 || total
-------------------------+-------+-------+-------++-------
Melee: Short sword       |    48 |    23 |       ||    71
       Spear             |       |       |    37 ||    37
 Fire: Hunting sling     |    47 |    84 |   159 ||   290
  Use: Potion            |     1 |       |     6 ||     7
       Scroll            |       |     1 |     1 ||     2
 Stab: Invisible         |     1 |       |       ||     1
  Eat: Chunk             |       |     1 |     7 ||     8
Armor: Scale mail        |    23 |     7 |    20 ||    50
Dodge: Dodged            |    41 |    31 |    78 ||   150

Table legend:
 A = Spawn XP
 B = Non-spawn XP
 C = Spawn XP percentage of total XP
 D = Spawn monster count
 E = Non-spawn monster count
 F = Spawn count percentage of total count
 G = Total turns spent on level
                    A         B        C        D         E        F      G
               +---------+---------+-------+---------+---------+-------+---------
         Total |       0 |    1866 |   0.0 |       0 |      72 |   0.0 |  1997
               +---------+---------+-------+---------+---------+-------+---------
           D:1 |       0 |       2 |   0.0 |       0 |       2 |   0.0 |   129
           D:2 |       0 |      78 |   0.0 |       0 |      17 |   0.0 |   609
           D:4 |       0 |     297 |   0.0 |       0 |      14 |   0.0 |   424
           D:5 |       0 |     694 |   0.0 |       0 |      16 |   0.0 |   276
           D:6 |       0 |     795 |   0.0 |       0 |      23 |   0.0 |   452
               +---------+---------+-------+---------+---------+-------+---------
